[Event "HUN-ch Rapid 2018"]
[Site "Ajka"]
[Date "2018.07.20"]
[Round "2"]
[White "Prohaszka, Peter"]
[Black "Egresi, Mate"]
[Result "0-1"]
[ECO "D00"]
[WhiteElo "2593"]
[BlackElo "2280"]
[Annotator "RC"]
[PlyCount "126"]
[EventDate "2018.07.20"]
[EventType "swiss"]
[EventCountry "HUN"]
[SourceTitle "playchess.com"]
[Source "ChessBase"]
[SourceQuality "1"]
[TimeControl "1200+5"]

1. d4 d5 2. Bf4 Nf6 3. e3 e6 4. Nd2 Bd6 5. Bg3 Bxg3 6. hxg3 Qe7 7. Ngf3 b6 8. c3 Bb7 9. Ne5 O-O 10. Bd3 g6 11. Qf3 Nbd7 12. Qf4 Nxe5 13. dxe5 Nd7 14. Nf3 f6 15. exf6 Nxf6 16. Qg5 Rae8 17. O-O-O e5 18. Bxg6 hxg6 19. Rh6 Nh7 20. Rxg6+ Kh8 21. Qh6 Rg8 22. Rh1 Rxg6 23. Qxg6 Rg8 24. Nxe5 Rg7 25. Qf5 Qe8 26. Rh6 Kg8 27. Re6 Qf8 28. Qh5 Qxf2 29. a4 Ba6 30. Re8+ Nf8 31. Nd7 Qf1+ 32. Kd2 Qxg2+ 33. Kc1 Qf1+ 34. Kc2 Rxd7 35. Qg5+ Rg7 36. Qxd5+ Qf7 37. Qe5 Qg6+ 38. Kb3 Bd3 39. Rd8 Bc2+ 40. Ka3 Qf7 41. Qd5 Qxd5 42. Rxd5 Rxg3 43. Re5 Kf7 44. a5 Nd7 45. Rd5 Ke6 46. Rd2 Bf5 47. Rh2 Rxe3 48. Rh8 Kd6 49. Ra8 Re1 50. Kb4 bxa5+ 51. Kxa5 Ra1+ 52. Kb4 a5+ 53. Kb3 Be6+ 54. Kc2 Nb6 55. Rh8 a4 56. Rh6 Kd7 57. Kd3 Rb1 58. Rh2 Bb3 59. Kd4 Kc6 60. Rh6+ Kb7 61. Rh2 Nc4 62. Kc5 Rxb2 63. Rh1 a3 0-1

[Event "HUN-ch Rapid 2018"]
[Site "Ajka"]
[Date "2018.07.20"]
[Round "2"]
[White "Ruck, Robert"]
[Black "Szalanczy, Emil"]
[Result "1-0"]
[ECO "A38"]
[WhiteElo "2570"]
[BlackElo "2214"]
[Annotator "ChessBase"]
[PlyCount "133"]
[EventDate "2018.07.20"]
[EventType "swiss"]
[EventCountry "HUN"]
[SourceTitle "playchess.com"]
[Source "ChessBase"]
[SourceQuality "1"]
[TimeControl "1200+5"]

1. Nf3 Nf6 2. c4 c5 3. Nc3 Nc6 4. g3 g6 5. Bg2 Bg7 6. d4 cxd4 7. Nxd4 O-O 8. O-O Ng4 9. e3 d6 10. Nde2 Nge5 11. b3 a5 12. Bd2 Nd3 13. Rb1 Nc5 14. h3 Bf5 15. e4 Bd7 16. Be3 f5 17. exf5 Bxf5 18. Rc1 Kh8 19. Nd4 Bd7 20. Qd2 a4 21. Nxc6 Bxc6 22. b4 Bxg2 23. Kxg2 Ne6 24. Nd5 a3 25. Rfe1 Rf7 26. Re2 Qd7 27. Rce1 Nc7 28. Bg5 e5 29. Be3 Raf8 30. Rd1 Ne6 31. Nb6 Qc6+ 32. Qd5 Nd4 33. Bxd4 exd4 34. Qxc6 bxc6 35. Rd3 Rb7 36. c5 dxc5 37. bxc5 Rf5 38. Re8+ Rf8 39. Re6 Rc7 40. Rxa3 Rd8 41. Rd6 Re8 42. Ra8 Rxa8 43. Nxa8 Rf7 44. Nb6 Bf8 45. Rd7 Rf5 46. Na4 Bxc5 47. g4 Re5 48. Nxc5 Rxc5 49. Rxd4 Rc2 50. a4 c5 51. Rd7 c4 52. Rc7 c3 53. Kg3 Rc1 54. Kf4 c2 55. Kg5 Kg8 56. Kf6 h5 57. Kxg6 Kf8 58. Kxh5 Ke8 59. g5 Kd8 60. Rc4 Ke7 61. Kg6 Kd6 62. h4 Kd5 63. Rc8 Kd4 64. h5 Kd3 65. h6 Rh1 66. h7 Kd2 67. Kg7 1-0

[Event "HUN-ch Rapid 2018"]
[Site "Ajka"]
[Date "2018.07.20"]
[Round "2"]
[White "Jakab, Attila"]
[Black "Margl, Roland"]
[Result "1/2-1/2"]
[ECO "D41"]
[WhiteElo "2363"]
[BlackElo "2047"]
[Annotator "NA"]
[PlyCount "109"]
[EventDate "2018.07.20"]
[EventType "swiss"]
[EventCountry "HUN"]
[SourceTitle "playchess.com"]
[Source "ChessBase"]
[SourceQuality "1"]
[TimeControl "1200+5"]

1. d4 d5 2. c4 e6 3. Nc3 Nf6 4. cxd5 Nxd5 5. Nf3 c5 6. e3 cxd4 7. exd4 Nxc3 8. bxc3 Qc7 9. Bd2 Nd7 10. Bd3 Bd6 11. O-O b6 12. Qe2 Bb7 13. h3 O-O 14. Ng5 Nf6 15. Rae1 Rac8 16. f4 h6 17. Ne4 Nxe4 18. Bxe4 Rfe8 19. Bc2 Bd5 20. Qh5 Qc6 21. f5 exf5 22. Qxf5 g6 23. Qf2 Bf8 24. Rxe8 Rxe8 25. Bb3 b5 26. Qh4 Re2 27. Rf2 Rxf2 28. Qxf2 Bxb3 29. axb3 Qd5 30. b4 h5 31. Bf4 Bg7 32. Qe3 Qc6 33. Kf2 a6 34. Qg3 Qe4 35. Kg1 Qd5 36. Kh2 Qe4 37. Qf2 Kh7 38. Kg3 Kg8 39. Qe3 Qxe3+ 40. Bxe3 Kf8 41. Kf3 Ke7 42. Ke4 Ke6 43. d5+ Kd6 44. Bf4+ Kd7 45. Be5 Bh6 46. Kd4 Bf8 47. g4 hxg4 48. hxg4 Be7 49. c4 bxc4 50. Kxc4 f5 51. gxf5 gxf5 52. b5 axb5+ 53. Kxb5 Bd6 54. Bd4 Bg3 55. Kc5 1/2-1/2

[Event "HUN-ch Rapid 2018"]
[Site "Ajka"]
[Date "2018.07.20"]
[Round "2"]
[White "Teglas, Balazs"]
[Black "Medvegy, Zoltan"]
[Result "0-1"]
[ECO "B29"]
[WhiteElo "2201"]
[BlackElo "2542"]
[Annotator "ChessBase"]
[PlyCount "90"]
[EventDate "2018.07.20"]
[EventType "swiss"]
[EventCountry "HUN"]
[SourceTitle "playchess.com"]
[Source "ChessBase"]
[SourceQuality "1"]
[TimeControl "1200+5"]

1. e4 c5 2. Nf3 Nf6 3. e5 Nd5 4. Nc3 Nxc3 5. dxc3 Nc6 6. Bd3 Qc7 7. Qe2 h6 8. O-O e6 9. Bf4 b6 10. Rad1 Bb7 11. Nd2 d5 12. exd6 Bxd6 13. Bxd6 Qxd6 14. Nc4 Qc7 15. Be4 Rd8 16. Rxd8+ Nxd8 17. Rd1 O-O 18. Ne5 Bxe4 19. Qxe4 Nb7 20. f4 Rd8 21. Rd3 Rxd3 22. cxd3 Nd6 23. Qc6 Qxc6 24. Nxc6 Nc8 25. Kf2 Kf8 26. Ke3 Ke8 27. g3 f6 28. b4 cxb4 29. cxb4 Kd7 30. Nd4 Ne7 31. a3 a6 32. Ne2 Kc6 33. Kd4 Nf5+ 34. Kc3 Kd5 35. Kd2 Nd4 36. Nc3+ Kc6 37. h3 Nb5 38. Nxb5 axb5 39. g4 Kd5 40. Ke3 g5 41. fxg5 hxg5 42. Ke2 Kd4 43. Kd2 f5 44. gxf5 exf5 45. Ke2 f4 0-1

[Event "HUN-ch Rapid 2018"]
[Site "Ajka"]
[Date "2018.07.20"]
[Round "2"]
[White "Marton, Jozsef"]
[Black "Nemeth, Miklos"]
[Result "1/2-1/2"]
[ECO "A46"]
[WhiteElo "2088"]
[BlackElo "2469"]
[Annotator "RC"]
[PlyCount "63"]
[EventDate "2018.07.20"]
[EventType "swiss"]
[EventCountry "HUN"]
[SourceTitle "playchess.com"]
[Source "ChessBase"]
[SourceQuality "1"]
[TimeControl "1200+5"]

1. d4 Nf6 2. Nf3 e6 3. Bf4 b6 4. e3 Bb7 5. h3 h6 6. Be2 g5 7. Bh2 g4 8. hxg4 Nxg4 9. Bf4 d6 10. Nc3 Nd7 11. Qd2 Qe7 12. Nh4 Ngf6 13. f3 O-O-O 14. a4 e5 15. Bg3 Rg8 16. Bf2 a5 17. Nf5 Qe6 18. e4 d5 19. O-O-O dxe4 20. Nxh6 Rxg2 21. d5 Nxd5 22. Nxd5 Bxd5 23. Qxd5 Bxh6+ 24. Rxh6 Qxh6+ 25. Kb1 c6 26. Qc4 Rxf2 27. Qa6+ Kb8 28. Rxd7 Rxd7 29. Qxb6+ Ka8 30. Qa6+ Kb8 31. Qb6+ Ka8 32. Qa6+ 1/2-1/2

[Event "HUN-ch Rapid 2018"]
[Site "Ajka"]
[Date "2018.07.20"]
[Round "2"]
[White "Czupor, Attila"]
[Black "Galyas, Miklos"]
[Result "1/2-1/2"]
[ECO "B08"]
[WhiteElo "2045"]
[BlackElo "2382"]
[Annotator "NA"]
[PlyCount "134"]
[EventDate "2018.07.20"]
[EventType "swiss"]
[EventCountry "HUN"]
[SourceTitle "playchess.com"]
[Source "ChessBase"]
[SourceQuality "1"]
[TimeControl "1200+5"]

1. e4 g6 2. d4 Bg7 3. Nf3 d6 4. Be2 Nf6 5. Nc3 O-O 6. h3 a6 7. Be3 b5 8. a3 Bb7 9. Nd2 Nbd7 10. Bf3 e5 11. d5 c5 12. g4 c4 13. a4 b4 14. Na2 c3 15. bxc3 bxc3 16. Nxc3 Rc8 17. Ne2 Nc5 18. O-O Rc7 19. Ng3 Bc8 20. Nb3 Nfd7 21. Qd2 Nxb3 22. cxb3 Nc5 23. Ra3 f5 24. exf5 gxf5 25. gxf5 Rxf5 26. Nxf5 Bxf5 27. b4 Nd7 28. Bg2 Rc2 29. Qd1 Nf6 30. Bg5 Qc8 31. Rg3 Kh8 32. b5 axb5 33. axb5 Ne4 34. Bxe4 Bxe4 35. Qg4 Bf5 36. Qh4 Rc4 37. Qh5 Bg6 38. Qe2 Rc2 39. Qe3 e4 40. Qb6 Be5 41. Re3 Qf5 42. Qd8+ Kg7 43. Qe7+ Bf7 44. Bh4 Rc8 45. Qg5+ Qxg5+ 46. Bxg5 Bxd5 47. Rb1 Kg6 48. Bh4 Kf5 49. Bg3 Bd4 50. Ra3 Bc5 51. Ra4 e3 52. fxe3 Bxe3+ 53. Kf1 Rc2 54. Rab4 Bg2+ 55. Ke1 Bf3 56. R4b2 Rc8 57. Bf2 Bf4 58. b6 Re8+ 59. Kf1 Bb7 60. Rb5+ Be5 61. Ra5 Re7 62. Bg3 Rg7 63. Bxe5 dxe5 64. Ra2 e4 65. Ra3 Kf4 66. Rb4 Rd7 67. Ke2 Ke5 1/2-1/2

[Event "HUN-ch Rapid 2018"]
[Site "Ajka"]
[Date "2018.07.20"]
[Round "2"]
[White "Koronghy, Gyula"]
[Black "Dankhazi, Andras"]
[Result "0-1"]
[ECO "C47"]
[WhiteElo "2020"]
[BlackElo "2361"]
[Annotator "NA"]
[PlyCount "72"]
[EventDate "2018.07.20"]
[EventType "swiss"]
[EventCountry "HUN"]
[SourceTitle "playchess.com"]
[Source "ChessBase"]
[SourceQuality "1"]
[TimeControl "1200+5"]

1. e4 e5 2. Nf3 Nc6 3. Nc3 Nf6 4. d4 exd4 5. Nd5 Nb4 6. Bc4 Nbxd5 7. exd5 Bb4+ 8. Bd2 Qe7+ 9. Qe2 Bxd2+ 10. Kxd2 Qxe2+ 11. Kxe2 c5 12. dxc6 $1 bxc6 $11 13. Nxd4 d5 14. Bd3 c5 15. Bb5+ Bd7 16. Bxd7+ Kxd7 17. Nb3 Rhe8+ 18. Kf3 Kc6 19. Rhe1 Nd7 20. g3 Ne5+ 21. Kg2 Nc4 22. Rab1 Rxe1 23. Rxe1 Kd6 24. Rb1 Rb8 25. f4 a5 26. Kf3 Rxb3+ 27. axb3 Nd2+ 28. Ke2 Nxb1 29. Kd1 d4 30. Kc1 Nc3 31. bxc3 dxc3 32. Kd1 c4 33. Ke2 Kc5 34. Ke3 cxb3 35. cxb3 Kb4 36. Kd3 Kxb3 0-1

[Event "HUN-ch Rapid 2018"]
[Site "Ajka"]
[Date "2018.07.20"]
[Round "3"]
[White "Banusz, Tamas"]
[Black "Kiss, Pal"]
[Result "1-0"]
[ECO "A06"]
[WhiteElo "2592"]
[BlackElo "2356"]
[Annotator "RC"]
[PlyCount "157"]
[EventDate "2018.07.20"]
[EventType "swiss"]
[EventCountry "HUN"]
[SourceTitle "playchess.com"]
[Source "ChessBase"]
[SourceQuality "1"]
[TimeControl "1200+5"]

1. Nf3 d5 2. g3 Nf6 3. Bg2 c6 4. c4 Bg4 5. Ne5 Be6 6. cxd5 Bxd5 7. Nf3 c5 8. Nc3 Bc6 9. O-O e6 10. Qc2 Be7 11. Rd1 O-O 12. e4 Qb6 13. d4 Rd8 14. e5 Nd5 15. Ng5 g6 16. Nxd5 Bxd5 17. dxc5 Qxc5 18. Qxc5 Bxc5 19. Bxd5 Rxd5 20. Rxd5 exd5 21. Bf4 h6 22. Nf3 g5 23. Rc1 Nd7 24. Bd2 Re8 25. h3 Bb6 26. Bc3 Nc5 27. Rd1 Na4 28. Rxd5 Nxc3 29. bxc3 Rc8 30. Rd3 Ba5 31. Kg2 Rxc3 32. Rd6 Bb6 33. Nd2 Rc2 34. Ne4 Kg7 35. Kf3 Rxa2 36. Kg4 Bc7 37. Rd7 Bxe5 38. Rxb7 Kg6 39. Kf3 Ra3+ 40. Kg2 Ra2 41. Rb5 Bd4 42. g4 Bb6 43. Rd5 Ra4 44. Rd6+ Kg7 45. Ng3 Kf8 46. Rxh6 Rf4 47. f3 Ra4 48. Ne4 Be3 49. Rf6 Ra2+ 50. Kf1 Ke7 51. Rf5 a5 52. Nc3 Ra1+ 53. Ke2 Bf4 54. Nd5+ Ke6 55. Nxf4+ gxf4 56. Rxf4 Rh1 57. Ra4 Rxh3 58. Rxa5 Rh1 59. Ke3 Kf6 60. Kf4 Rb1 61. Ra6+ Kg7 62. g5 Rb5 63. Kg4 Rb4+ 64. f4 Rb1 65. Ra7 Rb2 66. Ra8 Rb1 67. Rc8 Rb2 68. f5 Rg2+ 69. Kf4 Rf2+ 70. Ke4 Rg2 71. f6+ Kh7 72. Kf4 Rg1 73. Rf8 Rf1+ 74. Ke5 Re1+ 75. Kd6 Kg6 76. Rg8+ Kf5 77. Rg7 Re2 78. Kd7 Rg2 79. Ke7 1-0

[Event "HUN-ch Rapid 2018"]
[Site "Ajka"]
[Date "2018.07.20"]
[Round "3"]
[White "Galyas, Miklos"]
[Black "Marton, Jozsef"]
[Result "1-0"]
[ECO "D00"]
[WhiteElo "2382"]
[BlackElo "2088"]
[Annotator "NA"]
[PlyCount "57"]
[EventDate "2018.07.20"]
[EventType "swiss"]
[EventCountry "HUN"]
[SourceTitle "playchess.com"]
[Source "ChessBase"]
[SourceQuality "1"]
[TimeControl "1200+5"]

1. d4 d5 2. Bf4 Nf6 3. e3 e6 4. Nd2 Be7 5. Bd3 c5 6. c3 Nc6 7. Ngf3 O-O 8. Ne5 Nxe5 9. dxe5 Nd7 10. h4 f5 11. g4 c4 12. Bc2 Nc5 13. gxf5 exf5 14. Nf3 Ne4 15. Ng5 h6 16. Qh5 Qe8 17. Qxe8 Rxe8 18. Nxe4 dxe4 19. O-O-O Be6 20. Rdg1 Kf8 21. Rg6 Bf7 22. Rg2 Red8 23. Rhg1 Bxh4 24. Rxg7 Bxf2 25. R1g2 Be1 26. Bxh6 Rdc8 27. e6 Bxe6 28. Rxb7+ Ke8 29. Ba4+ 1-0

[Event "HUN-ch Rapid 2018"]
[Site "Ajka"]
[Date "2018.07.20"]
[Round "3"]
[White "Kormos, Adam"]
[Black "Cs. Kovacs, Laszlo"]
[Result "0-1"]
[ECO "B06"]
[WhiteElo "2286"]
[BlackElo "1928"]
[Annotator "NA"]
[PlyCount "70"]
[EventDate "2018.07.20"]
[EventType "swiss"]
[EventCountry "HUN"]
[SourceTitle "playchess.com"]
[Source "ChessBase"]
[SourceQuality "1"]
[TimeControl "1200+5"]

1. e4 g6 2. d4 Bg7 3. Nc3 d6 4. Bg5 Nf6 5. e5 dxe5 6. dxe5 Qxd1+ 7. Rxd1 Nfd7 8. Nd5 O-O 9. Nxc7 Bxe5 10. Nxa8 f6 11. Bc1 b6 12. Nf3 Bd6 13. Bc4+ Kg7 14. Bd5 Nc5 15. O-O Nba6 16. c3 Bb7 17. Bxb7 Nxb7 18. Nxb6 axb6 19. b4 Rc8 20. Rd3 Nc7 21. Be3 b5 22. Nd4 Nd8 23. Nb3 Nc6 24. f4 Ne6 25. g3 Kf7 26. Re1 f5 27. Re2 h5 28. Kg2 Ra8 29. Nd4 Ncxd4 30. Bxd4 Ra3 31. Be5 Bxe5 32. Rxe5 Rxa2+ 33. Kh3 g5 34. Rxf5+ Kg6 35. Re5 g4+ 0-1

[Event "HUN-ch Rapid 2018"]
[Site "Ajka"]
[Date "2018.07.20"]
[Round "3"]
[White "Laszlo, Janos"]
[Black "Mihok, Oliver"]
[Result "1/2-1/2"]
[ECO "A04"]
[WhiteElo "2273"]
[BlackElo "2426"]
[Annotator "RC"]
[PlyCount "112"]
[EventDate "2018.07.20"]
[EventType "swiss"]
[EventCountry "HUN"]
[SourceTitle "playchess.com"]
[Source "ChessBase"]
[SourceQuality "1"]
[TimeControl "1200+5"]

1. Nf3 c5 2. e3 Nf6 3. c4 g6 4. Nc3 Bg7 5. d4 cxd4 6. exd4 d5 7. h3 O-O 8. Bd3 Nc6 9. O-O dxc4 10. Bxc4 Na5 11. Bd3 b6 12. Re1 Bb7 13. Bg5 h6 14. Bf4 Nc6 15. Bf1 Nd5 16. Be5 Nxe5 17. Nxe5 Rc8 18. Qb3 e6 19. Rac1 Qg5 20. Rcd1 Rfd8 21. g3 Qe7 22. a3 h5 23. h4 Nxc3 24. bxc3 Qc7 25. Rd3 Bxe5 26. Rxe5 Ba6 27. Rde3 Bxf1 28. Kxf1 Qc4+ 29. Qxc4 Rxc4 30. Rb5 Kg7 31. Ke2 Ra4 32. Rb3 Rd5 33. Kd3 Rda5 34. Re5 Rxa3 35. Rxa5 Rxa5 36. c4 Kf6 37. Ke4 Ra4 38. Rc3 Ke7 39. f3 Kd6 40. g4 Ra1 41. gxh5 gxh5 42. c5+ bxc5 43. Rxc5 f5+ 44. Kf4 Rg1 45. Ra5 Rg7 46. Rb5 Kc6 47. Re5 Rg6 48. d5+ exd5 49. Rxf5 d4 50. Ke4 Rd6 51. Kd3 Rd5 52. Rf8 a5 53. f4 Kd7 54. Ke4 d3 55. Kxd5 d2 56. Rf7+ Ke8 1/2-1/2

[Event "HUN-ch Rapid 2018"]
[Site "Ajka"]
[Date "2018.07.20"]
[Round "3"]
[White "Pais, Nimrod"]
[Black "Gledura, Benjamin"]
[Result "0-1"]
[ECO "A45"]
[WhiteElo "1962"]
[BlackElo "2574"]
[Annotator "ChessBase"]
[PlyCount "55"]
[EventDate "2018.07.20"]
[EventType "swiss"]
[EventCountry "HUN"]
[SourceTitle "playchess.com"]
[Source "ChessBase"]
[SourceQuality "1"]
[TimeControl "1200+5"]

1. d4 Nf6 2. e3 c5 3. Nd2 d5 4. c3 Nc6 5. Bd3 e5 6. dxc5 Bxc5 7. h3 O-O 8. Nb3 Bd6 9. Ne2 Be6 10. Bc2 Qd7 11. Ng3 e4 12. Ne2 Ne5 13. Nbd4 Rac8 14. Nf4 Nc4 15. Qe2 b5 16. b3 Na3 17. Bxa3 Bxa3 18. Nxb5 Bb2 19. Rb1 Bxc3+ 20. Nxc3 Rxc3 21. Qd2 Rfc8 22. Bd1 Qb5 23. Ne2 Rd3 24. Qb2 Qb4+ 25. Kf1 Rd2 26. Qa1 Qa3 27. Nd4 Rxa2 28. Ne2 0-1

[Event "HUN-ch Rapid 2018"]
[Site "Ajka"]
[Date "2018.07.20"]
[Round "4"]
[White "Horvath, Adam"]
[Black "Banusz, Tamas"]
[Result "1/2-1/2"]
[ECO "B31"]
[WhiteElo "2479"]
[BlackElo "2592"]
[Annotator "ChessBase"]
[PlyCount "217"]
[EventDate "2018.07.20"]
[EventType "swiss"]
[EventCountry "HUN"]
[SourceTitle "playchess.com"]
[Source "ChessBase"]
[SourceQuality "1"]
[TimeControl "1200+5"]

1. e4 c5 2. Nf3 Nc6 3. Bb5 g6 4. O-O Bg7 5. c3 Nf6 6. Re1 O-O 7. h3 Qb6 8. Bf1 Rd8 9. Na3 d5 10. e5 Ne8 11. d3 Nc7 12. Rb1 Ne6 13. Nc2 a5 14. g3 d4 15. c4 Qc7 16. Qe2 Nb4 17. a3 Nxc2 18. Qxc2 a4 19. Bg2 Bd7 20. Qe2 Rab8 21. h4 b5 22. cxb5 Bxb5 23. Nd2 Rbc8 24. b3 axb3 25. Rxb3 Qa5 26. Rb1 Ba6 27. Bb7 Rb8 28. Bxa6 Qxa6 29. Rxb8 Rxb8 30. Nc4 Nc7 31. Bd2 Nd5 32. Qf3 Nc7 33. Rc1 h5 34. Bg5 Bf8 35. Qd1 Nd5 36. Qf3 e6 37. Kg2 Rb3 38. Bd2 Qa4 39. Qd1 Qb5 40. Bg5 Nc3 41. Qf3 Nd5 42. Qd1 Qb7 43. Kh2 Nc3 44. Qh1 Qa6 45. Qf3 Na2 46. Rc2 Nc3 47. Rc1 Nd5 48. Kg2 Nc3 49. Re1 Nb5 50. Nd2 Rxa3 51. Ne4 Qa8 52. Bc1 Ra1 53. Bb2 Ra2 54. Rb1 Bg7 55. Bc1 Nc3 56. Rb7 Qxb7 57. Nf6+ Bxf6 58. Qxb7 Bxe5 59. Qc8+ Kg7 60. Qxc5 Nd5 61. Bg5 Rb2 62. Qc1 Rb3 63. Qe1 Bf6 64. Qe4 Rb4 65. Bxf6+ Kxf6 66. g4 hxg4 67. Qxg4 Ke7 68. Qg5+ Kd7 69. Qg4 Kd6 70. Kg3 e5 71. Qc8 Rb3 72. Qd8+ Ke6 73. Qc8+ Kd6 74. f3 Nf4 75. Qd8+ Ke6 76. Qe8+ Kf6 77. Qh8+ Kf5 78. Qg8 Nh5+ 79. Kh3 Nf4+ 80. Kg3 Kf6 81. Qh8+ Ke6 82. Qe8+ Kf6 83. Qh8+ Kf5 84. Qc8+ Ne6 85. Qg8 f6 86. h5 gxh5 87. Qh7+ Kg5 88. Qf7 Rb6 89. Qg8+ Kh6 90. Kh4 Nf4 91. Qh8+ Kg6 92. Qg8+ Kf5 93. Qc8+ Ne6 94. Qa8 Ng5 95. Qc8+ Kf4 96. Kxh5 Ke3 97. Qd8 Re6 98. Kg4 Kxd3 99. Qc8 Ke3 100. Qc1+ Kd3 101. Qd1+ Kc3 102. Qc1+ Kb4 103. Qb2+ Kc5 104. Qa3+ Kd5 105. Qb3+ Kd6 106. Qb6+ Kd5 107. Qb5+ Kd6 108. Qb6+ Kd5 109. Qb5+ 1/2-1/2

[Event "HUN-ch Rapid 2018"]
[Site "Ajka"]
[Date "2018.07.20"]
[Round "4"]
[White "Horvath, Peter"]
[Black "Margl, Roland"]
[Result "1-0"]
[ECO "D02"]
[WhiteElo "2438"]
[BlackElo "2047"]
[Annotator "RC"]
[PlyCount "97"]
[EventDate "2018.07.20"]
[EventType "swiss"]
[EventCountry "HUN"]
[SourceTitle "playchess.com"]
[Source "ChessBase"]
[SourceQuality "1"]
[TimeControl "1200+5"]

1. d4 d5 2. Nf3 Nf6 3. Bf4 e6 4. e3 Bd6 5. Ne5 O-O 6. Nd2 c5 7. c3 Qc7 8. Bd3 Nbd7 9. Ndf3 b6 10. O-O Bb7 11. Rc1 Rfd8 12. Re1 Rac8 13. Bb1 Ne4 14. Nxd7 Rxd7 15. Ne5 Rdd8 16. Bxe4 dxe4 17. Bg3 cxd4 18. exd4 f6 19. Ng4 Bxg3 20. hxg3 e5 21. Qb3+ Bd5 22. Qa3 exd4 23. cxd4 Qd7 24. Ne3 a5 25. Rc3 Rxc3 26. bxc3 Bf7 27. c4 Rc8 28. d5 Qc7 29. Qb2 Qc5 30. Qb1 Qd4 31. Nf5 Qe5 32. Qxe4 Kf8 33. Qxe5 fxe5 34. Nd6 Rd8 35. Nxf7 Kxf7 36. Rxe5 Rc8 37. Re4 Rc5 38. a4 Rc7 39. f3 h5 40. Kf2 Kf6 41. Ke3 Kf5 42. g4+ hxg4 43. Rxg4 g5 44. Re4 Rh7 45. g4+ Kf6 46. Re6+ Kf7 47. Rxb6 Rh1 48. Ke4 Rf1 49. c5 1-0

[Event "HUN-ch Rapid 2018"]
[Site "Ajka"]
[Date "2018.07.20"]
[Round "4"]
[White "Bagi, Mate"]
[Black "Szakolczai, Peter"]
[Result "1/2-1/2"]
[ECO "B40"]
[WhiteElo "2394"]
[BlackElo "2194"]
[Annotator "NA"]
[PlyCount "150"]
[EventDate "2018.07.20"]
[EventType "swiss"]
[EventCountry "HUN"]
[SourceTitle "playchess.com"]
[Source "ChessBase"]
[SourceQuality "1"]
[TimeControl "1200+5"]

1. e4 c5 2. Nf3 e6 3. d4 cxd4 4. Nxd4 Nf6 5. Nc3 Qb6 6. Nb3 Bb4 7. Bd3 d6 8. O-O Bxc3 9. bxc3 e5 10. Nd2 O-O 11. Nc4 Qc7 12. Qe2 Nbd7 13. f4 Re8 14. Ba3 Nc5 15. fxe5 dxe5 16. Ne3 Nxd3 17. cxd3 Qxc3 18. Bb2 Qc6 19. Nc4 Ng4 20. Rac1 f6 21. Kh1 Qe6 22. Ba3 Rd8 23. h3 Nh6 24. Ne3 Qa6 25. Rc3 Be6 26. Be7 Rac8 27. Ra3 Qb6 28. Bxd8 Rxd8 29. Nc4 Qd4 30. Qb2 a6 31. Qxd4 Rxd4 32. Rc1 Nf7 33. Rac3 h5 34. a3 h4 35. Na5 f5 36. Nxb7 fxe4 37. dxe4 Ng5 38. Nc5 Bf7 39. Rd3 Nxe4 40. Rxd4 Ng3+ 41. Kh2 exd4 42. Rd1 Nf5 43. Nxa6 Bc4 44. Nb4 Be2 45. Rd2 Bb5 46. Nc2 d3 47. Ne1 Ng3 48. Kg1 Ne4 49. Rxd3 Bxd3 50. Nxd3 Nc3 51. Kf2 Kf7 52. Ke3 Ke6 53. Kf4 Kf6 54. Nc5 g5+ 55. Kg4 Kg6 56. a4 Ne2 57. a5 Nd4 58. a6 Nc6 59. Kf3 Kf5 60. Nd7 Nd4+ 61. Ke3 Nc6 62. Nc5 g4 63. Nd3 gxh3 64. gxh3 Kg5 65. Ke4 Kf6 66. Kd5 Na7 67. Ke4 Nc6 68. Nc5 Kg5 69. Nd7 Na7 70. Ne5 Nb5 71. Nf3+ Kh5 72. Kf5 Na7 73. Kf6 Nb5 74. Ke6 Nc7+ 75. Kf5 Nxa6 1/2-1/2

[Event "HUN-ch Rapid 2018"]
[Site "Ajka"]
[Date "2018.07.20"]
[Round "4"]
[White "Hajnal, Zoltan"]
[Black "Varga, Klara"]
[Result "1-0"]
[ECO "C16"]
[WhiteElo "2357"]
[BlackElo "2183"]
[Annotator "NA"]
[PlyCount "55"]
[EventDate "2018.07.20"]
[EventType "swiss"]
[EventCountry "HUN"]
[SourceTitle "playchess.com"]
[Source "ChessBase"]
[SourceQuality "1"]
[TimeControl "1200+5"]

1. e4 e6 2. d4 d5 3. Nc3 Bb4 4. e5 Ne7 5. Bd2 c5 6. Nb5 Bxd2+ 7. Qxd2 O-O 8. f4 a6 9. Nd6 cxd4 10. Nf3 Nbc6 11. Bd3 f6 12. O-O b5 13. Qf2 g6 14. Qh4 Kg7 15. Rae1 Bd7 16. g4 Ng8 17. Qg3 Qe7 18. exf6+ Rxf6 19. f5 e5 20. Nxe5 Qxd6 21. g5 Rff8 22. f6+ Nxf6 23. gxf6+ Kg8 24. Bxg6 Nxe5 25. Rxe5 Rxf6 26. Bxh7+ Kh8 27. Rxf6 Qxf6 28. Rh5 1-0

[Event "HUN-ch Rapid 2018"]
[Site "Ajka"]
[Date "2018.07.20"]
[Round "4"]
[White "Kiss, Pal"]
[Black "Paksa, Rudolf"]
[Result "1-0"]
[ECO "E15"]
[WhiteElo "2356"]
[BlackElo "2073"]
[Annotator "NA"]
[PlyCount "101"]
[EventDate "2018.07.20"]
[EventType "swiss"]
[EventCountry "HUN"]
[SourceTitle "playchess.com"]
[Source "ChessBase"]
[SourceQuality "1"]
[TimeControl "1200+5"]

1. d4 Nf6 2. c4 e6 3. Nf3 b6 4. g3 Ba6 5. b3 d5 6. cxd5 exd5 7. Bg2 Bb4+ 8. Bd2 Bxd2+ 9. Nbxd2 O-O 10. O-O Re8 11. Re1 c5 12. Rc1 Qd6 13. dxc5 bxc5 14. e4 Nbd7 15. exd5 Rxe1+ 16. Nxe1 Re8 17. Nc4 Qe7 18. Nd3 h6 19. d6 Qf8 20. Ndb2 g5 21. Qd2 Ne4 22. Qd5 Nef6 23. Qc6 Bxc4 24. Nxc4 Rc8 25. Qb7 a5 26. Rd1 Kg7 27. Bc6 Qd8 28. Bxd7 Nxd7 29. Re1 Rb8 30. Qc7 Qxc7 31. dxc7 Rc8 32. Re7 Rxc7 33. Ne5 c4 34. bxc4 Rc5 35. Rxf7+ Kg8 36. Nxd7 Rxc4 37. Re7 Rc2 38. a3 Rd2 39. Nc5 Ra2 40. Re3 Kf7 41. Nb7 a4 42. Nc5 Rc2 43. Nxa4 Rc4 44. Nb2 Rc2 45. Rb3 h5 46. Kg2 h4 47. a4 h3+ 48. Kxh3 Rxf2 49. a5 Kg6 50. g4 Rf1 51. Ra3 1-0

[Event "HUN-ch Rapid 2018"]
[Site "Ajka"]
[Date "2018.07.20"]
[Round "4"]
[White "Hoang, Thanh Trang"]
[Black "Szukics, Adam"]
[Result "1-0"]
[ECO "D00"]
[WhiteElo "2351"]
[BlackElo "2010"]
[Annotator "NA"]
[PlyCount "87"]
[EventDate "2018.07.20"]
[EventType "swiss"]
[EventCountry "HUN"]
[SourceTitle "playchess.com"]
[Source "ChessBase"]
[SourceQuality "1"]
[TimeControl "1200+5"]

1. d4 d5 2. Bf4 Nf6 3. e3 c5 4. Nf3 Nc6 5. c3 Qb6 6. Qc2 Bf5 7. dxc5 Bxc2 8. cxb6 axb6 9. Na3 Be4 10. Nb5 Rc8 11. Ne5 Nxe5 12. Bxe5 Nd7 13. Bg3 h5 14. h4 f6 15. f3 Bf5 16. Nc7+ Kf7 17. Nxd5 e6 18. Nf4 Bc5 19. e4 Bg6 20. Nxg6 Kxg6 21. Bb5 Rhd8 22. Rd1 Nf8 23. Ke2 e5 24. Rxd8 Rxd8 25. b4 Be7 26. Bf2 Rc8 27. Kd3 Bd8 28. g3 Kh6 29. Be3+ g5 30. hxg5+ fxg5 31. g4 Be7 32. Rxh5+ Kg6 33. Bxb6 Ne6 34. Bd7 Nf4+ 35. Kc2 Ra8 36. Bf5+ Kf6 37. Rh6+ Kg7 38. Rh7+ Kf6 39. Kb3 Nd3 40. Be3 b5 41. Rh6+ Kf7 42. Rb6 Ne1 43. Rxb5 Nxf3 44. a4 1-0

[Event "HUN-ch Rapid 2018"]
[Site "Ajka"]
[Date "2018.07.20"]
[Round "4"]
[White "Deak, Sandor"]
[Black "Virag, Balint"]
[Result "1/2-1/2"]
[ECO "D31"]
[WhiteElo "2335"]
[BlackElo "2018"]
[Annotator "NA"]
[PlyCount "79"]
[EventDate "2018.07.20"]
[EventType "swiss"]
[EventCountry "HUN"]
[SourceTitle "playchess.com"]
[Source "ChessBase"]
[SourceQuality "1"]
[TimeControl "1200+5"]

1. d4 d5 2. c4 e6 3. Nc3 a6 4. cxd5 exd5 5. Nf3 Nf6 6. Bg5 Be6 7. e3 Bb4 8. Bd3 O-O 9. Qc2 h6 10. Bh4 Nbd7 11. a3 Bd6 12. O-O c5 13. dxc5 Nxc5 14. Bh7+ Kh8 15. b4 Ncd7 16. Bd3 Rc8 17. Rac1 a5 18. Qb2 Ne5 19. Nxe5 Bxe5 20. Bg3 Bxg3 21. hxg3 d4 22. exd4 Qxd4 23. Rfd1 Qe5 24. Qe2 Qxe2 25. Bxe2 axb4 26. axb4 Rfd8 27. Rxd8+ Rxd8 28. Bf3 b6 29. Na4 b5 30. Nc5 Bc4 31. Ra1 Rd2 32. g4 Rb2 33. Na6 Kh7 34. Rd1 Kg6 35. Rd4 Rb1+ 36. Kh2 Rb2 37. Kg3 Rb3 38. Kh2 Rb2 39. Kg3 Rb3 40. Kh2 1/2-1/2